 Dungeon Crawl Stone Soup version 0.22.0 (webtiles) character file.

1556 Blackhawk the Skirmisher (level 8, -8/73 HPs)
             Began as a Minotaur Berserker on Nov 3, 2018.
             Was an Elder of Trog.
             Mangled by a cyclops (19 damage)
             ... on level 6 of the Dungeon.
             The game lasted 00:08:59 (6039 turns).

Blackhawk the Skirmisher (Minotaur Berserker)       Turns: 6039, Time: 00:09:00

Health: -8/73      AC: 10    Str: 24    XL:     8   Next: 58%
Magic:  0/7        EV: 10    Int:  4    God:    Trog [****..]
Gold:   328        SH:  0    Dex: 10    Spells: 7/7 levels left

rFire    . . .     SeeInvis .   a - +0 hand axe
rCold    . . .     Gourm    .   (no shield)
rNeg     . . .     Faith    .   n - +0 chain mail
rPois    .         Spirit   +   (helmet restricted)
rElec    .         Reflect  .   D - scarf {Spirit}
rCorr    .         Harm     .   (no gloves)
MR       .....                  (no boots)
Stlth    ..........             (no amulet)
HPRegen  0.22/turn              (no ring)
MPRegen  0.10/turn              (no ring)

@: berserk cooldown, slowed, very slow
A: retaliatory headbutt, horns 2
a: Berserk, Trog's Hand, Brothers in Arms, Renounce Religion


You were on level 6 of the Dungeon.
You worshipped Trog.
Trog was greatly pleased with you.
You were very hungry.

You visited 1 branch of the dungeon, and saw 6 of its levels.

You collected 367 gold pieces.
You spent 39 gold pieces at shops.

Inventory:

Hand Weapons
 a - a +0 hand axe (weapon)
Missiles
 f - 25 bolts
Armour
 n - a +0 chain mail (worn)
 D - a scarf of spirit shield (worn)
Jewellery
 y - an uncursed ring of ice {unknown}
Wands
 u - a wand of disintegration (14)
Scrolls
 e - 9 scrolls of identify {unknown}
 h - 2 scrolls of immolation {unknown}
 i - a scroll of remove curse {unknown}
 j - a scroll of blinking {unknown}
 m - a scroll of noise {unknown}
 q - 4 scrolls of amnesia {unknown}
 s - a scroll of enchant armour {unknown}
 w - a scroll of magic mapping {unknown}
Potions
 d - 2 potions of invisibility {unknown}
 g - a potion of magic {unknown}
 l - a potion of heal wounds {unknown}
 o - a potion of brilliance {unknown}
 p - a potion of haste
 r - 2 potions of resistance {unknown}
 t - a potion of ambrosia {unknown}
 v - a potion of lignification {unknown}
 x - a potion of cancellation {unknown}
 z - a potion of mutation {unknown}
 B - 2 potions of curing
 C - 2 potions of flight {unknown}
Comestibles
 b - 4 chunks of flesh
 c - 8 rations


   Skills:
 + Level 7.4 Fighting
 + Level 7.3 Axes
 + Level 6.9 Armour
 + Level 6.2 Dodging


You had 7 spell levels left.
You didn't know any spells.
Your spell library was empty.

Dungeon Overview and Level Annotations

Branches:
Dungeon (6/15)
 Temple: D:4-7

Altars:
Elyvilon
Fedhas
Kikubaaqudgha
Makhleb
Qazlal
Trog
Wu Jian

Shops:
D:5 !


Innate Abilities, Weirdness & Mutations

You reflexively headbutt those who attack you in melee.
You have a pair of horns on your head.


Message History

The cyclops hits you! x2
You are too injured to fight recklessly!
You hit the cyclops but do no damage.
The cyclops is moderately wounded.
The crimson imp blinks!
You hit the cyclops but do no damage.
The cyclops is moderately wounded.
The crimson imp puffs mist at you. The cyclops misses you.
The crimson imp hits you.
You slash the cyclops! You headbutt the cyclops.
The cyclops is severely wounded.
You barely miss the crimson imp. The cyclops hits you!
The crimson imp blinks!
You hit the cyclops. You headbutt the cyclops!
The cyclops is almost dead.
The cyclops hits you!!
* * * LOW HITPOINT WARNING * * *
You slash the cyclops! You headbutt the cyclops.
The cyclops is almost dead.
The cyclops hits you!!
You die...

#.>.# .# #...# .#
#..######.####
#########....(........
..#........#.)....###..
..#....................
.<##.####..####(####..
..##.####..##(....##
...........#....@5.#
...........#.....C.#
..............._......
...######..#....(..#..#
...# #..#....=..#..#
...+ .. ##.....## !.#
...# ###.### .# ...# ..
...#


You could see a cyclops and a crimson imp.

Vanquished Creatures
  Grinder (D:4)
  Eustachio (D:6)
  A yak (D:5)
  A phantom (D:4)
  2 scorpions (D:4)
  2 howler monkeys
  A crimson imp (D:5)
  Crazy Yiuf (D:2)
  A jelly (D:6)
  6 orc priests
  Terence (D:3)
  Jessica (D:3)
  An iguana (D:4)
  3 orc wizards
  4 worker ants
  Robin (D:3)
  7 gnolls
  9 adders
  4 worms
  2 dart slugs
  20 orcs
  5 bats
  7 giant cockroaches
  18 goblins
  14 hobgoblins
  7 jackals
  3 kobolds
  3 quokkas
  2 ball pythons
  2 frilled lizards (D:3)
  A leopard gecko skeleton (D:5)
  6 rats
138 creatures vanquished.

Notes
Turn   | Place    | Note
-------+----------+-------------------------------------------
     0 | D:1      | Blackhawk the Minotaur Berserker began the quest for the Orb.
     0 | D:1      | Reached XP level 1. HP: 19/19 MP: 0/0
   380 | D:1      | Reached XP level 2. HP: 27/27 MP: 1/1
  1006 | D:1      | Reached ** piety under Trog
  1146 | D:2      | Reached XP level 3. HP: 29/33 MP: 2/2
  1170 | D:2      | Reached XP level 4. HP: 19/41 MP: 3/3
  1712 | D:2      | Found a white marble altar of Elyvilon.
  1744 | D:2      | Reached XP level 5. HP: 41/47 MP: 4/4
  2295 | D:2      | Found a bloodstained altar of Trog.
  2411 | D:2      | Found a runed door.
  2542 | D:2      | Noticed Crazy Yiuf
  2545 | D:2      | Killed Crazy Yiuf
  2618 | D:3      | Noticed Jessica
  2626 | D:3      | Killed Jessica
  2626 | D:3      | Reached skill level 5 in Fighting
  2626 | D:3      | Reached skill level 5 in Axes
  2657 | D:3      | Noticed Terence
  2662 | D:3      | Killed Terence
  2662 | D:3      | Reached XP level 6. HP: 56/56 MP: 5/5
  2663 | D:3      | Reached *** piety under Trog
  2793 | D:3      | Found a burning altar of Makhleb.
  2840 | D:3      | Noticed Robin
  2850 | D:3      | Killed Robin
  3741 | D:4      | Reached skill level 5 in Armour
  3741 | D:4      | Reached XP level 7. HP: 62/62 MP: 6/6
  4003 | D:4      | Reached **** piety under Trog
  4031 | D:4      | Noticed Grinder
  4053 | D:4      | Killed Grinder
  4053 | D:4      | Reached skill level 5 in Dodging
  4405 | D:4      | Found an ancient bone altar of Kikubaaqudgha.
  4656 | D:4      | Reached XP level 8. HP: 71/71 MP: 7/7
  4716 | D:5      | Entered Level 5 of the Dungeon
  4829 | D:5      | Found Ujeto's Distillery.
  4837 | D:5      | Bought a potion of curing for 39 gold pieces
  5774 | D:5      | Found a blossoming altar of Fedhas.
  5797 | D:5      | Found a stormy altar of Qazlal.
  5923 | D:6      | Noticed Eustachio
  5934 | D:6      | Killed Eustachio
  6028 | D:6      | Found an ornate altar of the Wu Jian Council.
  6028 | D:6      | Noticed a cyclops
  6039 | D:6      | Mangled by a cyclops

Skill      XL: |  1  2  3  4  5  6  7  8 |
---------------+-------------------------+-----
Fighting       | 4 5 6 7 |  7.4
Axes           | 4 5 6 7 |  7.3
Armour         | 3 4 5 6 |  6.9
Dodging        | 3 4 5 6 |  6.2

Action                   |  1- 3 |  4- 6 |  7- 9 || total
-------------------------+-------+-------+-------++-------
Melee: Hand axe          |    52 |   161 |   141 ||   354
       Headbutt          |     4 |    21 |    34 ||    59
Invok: Berserk           |     1 |     5 |     4 ||    10
  Eat: Chunk             |     2 |    11 |    11 ||    24
Armor: Animal skin       |    13 |     8 |       ||    21
       Chain mail        |       |    25 |    52 ||    77
Dodge: Dodged            |    28 |   103 |    74 ||   205
